 Dungeon Crawl Stone Soup version 0.22-a0-448-g1fb7470 (webtiles) character file.

79 KristoblXynda the Slasher (level 4, -2/39 HPs)
             Began as a Naga Gladiator on June 4, 2018.
             Slain by a wight
             ... wielding a cursed +3 great sword
              (14 damage)
             ... on level 6 of the Dungeon.
             The game lasted 00:03:12 (2008 turns).

KristoblXynda the Slasher (Naga Gladiator)          Turns: 2008, Time: 00:03:12

Health: -2/39      AC:  3    Str: 17    XL:     4   Next: 38%
Magic:  4/4        EV: 10    Int:  9    God:
Gold:   107        SH:  4    Dex: 12    Spells: 3/3 levels left

rFire    . . .     SeeInvis +   a - +0 long sword
rCold    . . .     Gourm    .   (no shield)
rNeg     . . .     Faith    .   b - +0 leather armour
rPois    +         Spirit   .   c - +0 helmet
rElec    .         Reflect  +   (no cloak)
rCorr    .         Harm     .   (no gloves)
MR       .....                  (no barding)
Stlth    +.........             l - +4 amulet of reflection
HPRegen  0.13/turn              g - ring of poison resistance
MPRegen  0.09/turn              (no ring)

@: drained, very slow
A: large, see invisible, deformed body, poison resistance, slowness 2, slow
metabolism 1, spit poison 1, AC +1
a: Spit Poison


You were on level 6 of the Dungeon.
You were hungry.

You visited 1 branch of the dungeon, and saw 4 of its levels.

You collected 107 gold pieces.

Inventory:

Hand Weapons
 a - a +0 long sword (weapon)
Missiles
 d - 3 throwing nets (quivered)
Armour
 b - a +0 leather armour (worn)
 c - a +0 helmet (worn)
Jewellery
 g - a ring of poison resistance (left hand)
 l - a +4 amulet of reflection (around neck)
Scrolls
 e - 2 scrolls of identify
 h - 2 scrolls of remove curse {unknown}
 i - 2 scrolls of enchant weapon {unknown}
 j - a scroll of amnesia {unknown}
 o - a scroll of summoning {unknown}
 p - a scroll of vulnerability {unknown}
Potions
 k - a potion of curing
 m - a potion of heal wounds {unknown}
 n - a potion of haste {unknown}
Comestibles
 f - 4 rations


   Skills:
 - Level 2.0(0.9) Fighting
 * Level 4.0(2.9) Long Blades
 - Level 2.0(1.0) Throwing
 + Level 1.1(0.0) Armour
 + Level 3.0(1.9) Dodging


You had 3 spell levels left.
You didn't know any spells.
Your spell library was empty.

Dungeon Overview and Level Annotations

Branches:
Dungeon (3/15)

Altars:
Okawaru
Ru
Uskayaw
Wu Jian


Innate Abilities, Weirdness & Mutations

You cannot wear boots.
Your serpentine skin is tough. (AC +1)
You have supernaturally acute eyesight. (SInv)
Armour fits poorly on your strangely shaped body.
Your system is resistant to poisons. (rPois)
You cover ground very slowly.
You have a slow metabolism.
You can spit poison.


Message History

You feel drained.
* * * LOW HITPOINT WARNING * * *
You feel better.
You feel better. The wight barely misses you.
You riposte.
You hit the wight but do no damage.
The wight is severely damaged.
You barely miss the wight.
The wight is severely damaged.
The wight barely misses you.
You hit the wight but do no damage.
The wight is severely damaged.
The wight hits you with an enchanted great sword!
You barely miss the wight.
The wight is severely damaged.
The wight hits you with an enchanted great sword.
You feel drained.
You closely miss the wight.
The wight is severely damaged.
The wight hits you with an enchanted great sword!
You die...

#..# #..# #..# #..# #..#
### .. #..###.## #.
###..##...## #.
#..........###########
#.###.#.........@z........
#.......##.....#######....
#................. #
#.......####..####
#.#.#.#.####..#
#.#.#.........#
#.#.##.......##
#.#.##........
#.#.##.####.


You could see a wight.

Vanquished Creatures
  2 adders
  A worm (D:2)
  A dart slug (D:1)
  A leopard gecko (D:2)
  5 bats
  3 giant cockroaches
  8 goblins
  9 hobgoblins
  5 jackals
  4 frilled lizards
  7 kobolds
  6 rats
52 creatures vanquished.

Vanquished Creatures (others)
  A dart slug (D:2)
  A goblin (D:2)
  A jackal (D:2)
3 creatures vanquished.

Grand Total: 55 creatures vanquished

Notes
Turn   | Place    | Note
-------+----------+-------------------------------------------
     0 | D:1      | KristoblXynda the Naga Gladiator began the quest for the Orb.
     0 | D:1      | Reached XP level 1. HP: 19/19 MP: 1/1
   123 | D:1      | Reached XP level 2. HP: 15/26 MP: 2/2
   690 | D:1      | Reached XP level 3. HP: 27/32 MP: 3/3
  1180 | D:2      | Found a sacrificial altar of Ru.
  1510 | D:2      | Reached XP level 4. HP: 38/39 MP: 4/4
  1544 | D:2      | Found a hide-covered altar of Uskayaw.
  1553 | D:2      | Reached skill level 1 in Armour
  1736 | D:2      | Found an ornate altar of the Wu Jian Council.
  1835 | D:3      | Found an iron altar of Okawaru.
  1893 | D:3      | Reached skill level 4 in Long Blades
  1903 | D:3      | Found a sacrificial altar of Ru.
  1943 | D:3      | You fall through a shaft for 3 floors!
  2008 | D:6      | Slain by a wight

Vault maps used:
D:1:      dpeg_arrival_snail
D:2:      lemuel_crystal_altar, overflow_temple_1_default,
          lemuel_coloured_pillars_altar, first_ration, lemuel_flame_loot_1
D:3:      nemelex_xobeh_ov_fountains_minmay, marbit_many_paths,
          minmay_misc_feat_tiny, hangedman_abyss_or_decor_lesser_grid,
          nicolae_ru_sacrificial_ziggurat
D:6:      minitemple

Skill      XL: |  1  2  3  4 |
---------------+-------------+-----
Throwing       | 2 |  2.0
Armour         | 1 |  1.1
Dodging        | 3 |  3.0
Long Blades    | 4 |  4.0
Fighting       | |  2.0

Action                   |  1- 3 |  4- 6 || total
-------------------------+-------+-------++-------
Melee: Long sword        |   106 |    46 ||   152
 Abil: Spit Poison       |     2 |     1 ||     3
  Use: Scroll            |       |     2 ||     2
       Potion            |       |     2 ||     2
  Eat: Chunk             |     1 |     1 ||     2
Armor: Leather armour    |    41 |     8 ||    49
Dodge: Dodged            |    90 |    29 ||   119
Block: Other             |       |     5 ||     5
       Rpst.: Long sword |    29 |    13 ||    42

Table legend:
 A = Spawn XP
 B = Non-spawn XP
 C = Spawn XP percentage of total XP
 D = Spawn monster count
 E = Non-spawn monster count
 F = Spawn count percentage of total count
 G = Total turns spent on level
                    A         B        C        D         E        F      G
               +---------+---------+-------+---------+---------+-------+---------
         Total |       0 |     114 |   0.0 |       0 |      52 |   0.0 |  2008
               +---------+---------+-------+---------+---------+-------+---------
           D:1 |       0 |      51 |   0.0 |       0 |      29 |   0.0 |  1071
           D:2 |       0 |      46 |   0.0 |       0 |      20 |   0.0 |   750
           D:3 |       0 |      17 |   0.0 |       0 |       3 |   0.0 |   122
               +---------+---------+-------+---------+---------+-------+---------
